 Dungeon Crawl Stone Soup version 0.29-a0-451-gfbfa42419e (webtiles) character file.

Game seed: 3023043669862200694

83 freelancePsychic the Poker (level 4, 0/37 HPs)
             Began as a Demonspawn Chaos Knight on May 19, 2022.
             Was a Believer of Dithmenos.
             Slain by a quasit (3 damage)
             ... summoned by Xom
             ... on level 2 of the Dungeon.
             The game lasted 00:05:15 (2884 turns).

freelancePsychic the Poker (DsCK)                   Turns: 2884, Time: 00:05:17

Health: 0/37       AC:  5    Str:  9 (10) XL:     4   Next: 22%
Magic:  4/4        EV: 11    Int: 11 (13) God:    Dithmenos [**....]
Gold:   167        SH:  0    Dex: 10 (13) Spells: 3/3 levels left

rFire   . . .      SeeInvis .   a - +0 spear
rCold   . . .      Faith    .   (no shield)
rNeg    . . .      Spirit   .   b - +2 leather armour
rPois   .          Reflect  .   (no helmet)
rElec   .          Harm     .   (no cloak)
rCorr   .          Rampage  .   (no gloves)
Will    .....                   (no boots)
Stlth   +.........              (no amulet)
HPRegen 0.12/turn               (no ring)
MPRegen 0.09/turn               (no ring)

@: lethally poisoned (0 -> -5), wreathed by umbra
A: claws 1, demonic guardian 1, talons 1, deterioration 1, dopey 1, high MP 1,
weak 1
a: Renounce Religion, Shadow Step


You were on level 2 of the Dungeon.
You worshipped Dithmenos.
Dithmenos was pleased with you.
You visited 1 branch of the dungeon, and saw 3 of its levels.

You collected 167 gold pieces.

Inventory:

Hand Weapons
 a - a +0 spear (weapon)
Armour
 b - a +2 leather armour (worn)
Scrolls
 f - a scroll of enchant weapon
Potions
 g - 2 potions of brilliance
 i - a potion of haste {@q3}
Miscellaneous
 c - a piece from Xom's chessboard (15/15) (quivered)


   Skills:
 + Level 3.7 Fighting
 * Level 4.1 Polearms
 - Level 1.7 Armour
 - Level 0.8 Dodging


You had 3 spell levels left.
You didn't know any spells.
Your spell library contained the following spells:

 Spells                   Type           Power      Damage    Failure   Level
 Ensorcelled Hibernation  Hex/Ice        0%         N/A       58%         2
 Passwall                 Tmut/Erth      0%         N/A       58%         2
 Swiftness                Air            0%         N/A       82%         3
 Passage of Golubria      Tloc           0%         N/A       99%         4
 Silence                  Hex/Air        0%         N/A       100%        5
 Lehudib's Crystal Spear  Conj/Erth      0%         10d2      100%        8


Dungeon Overview and Level Annotations

Branches:
Dungeon (3/15)

Altars:
Dithmenos

Shops:
D:2 (


Innate Abilities, Weirdness & Mutations

You have sharp fingernails.
A weak demonic guardian rushes to your aid.
You have sharp toenails.
Your body sometimes deteriorates upon taking damage.
You are dopey. (Int -2)
You have an increased reservoir of magic. (+10% MP)
You are weak. (Str -2)


Message History

The quasit barely misses you.
Your quasit barely misses the ufetubus.
Your quasit closely misses the ufetubus. x2
The quasit completely misses your quasit.
The quasit closely misses your quasit.
The quasit claws your quasit but does no damage.
The quasit closely misses your quasit. x2; The quasit misses your quasit.
The crimson imp hits you but does no damage.
The white imp hits your quasit. The white imp freezes your quasit.
Your quasit resists.
The ufetubus closely misses your quasit.
The ufetubus misses your quasit. The iron imp closely misses you.
The adder bites you.
* * * LOW HITPOINT WARNING * * *
A demonic guardian appears!
You are lethally poisoned!
The adder poisons you!
You hit the adder. Your kick misses the adder.
The adder is almost dead.
* * * LOW HITPOINT WARNING * * *
You feel sick. The quasit closely misses you. The quasit barely misses you.
The quasit claws you but does no damage.
The quasit bites you but does no damage.
The quasit claws you but does no damage. x2
Your quasit completely misses the quasit.
Your quasit claws the quasit.
Your quasit misses the quasit. The quasit misses your quasit.
The quasit closely misses your quasit. x2
The quasit bites your quasit but does no damage.
The quasit closely misses your quasit. The quasit misses your quasit.
The ufetubus misses your quasit.
The ufetubus hits your quasit but does no damage.
The iron imp hits your quasit but does no damage.
The white imp hits your quasit. The white imp freezes your quasit.
Your quasit resists.
The crimson imp barely misses you. The adder bites you.
* * * LOW HITPOINT WARNING * * *
The quasit misses you.
The quasit claws you but does no damage. x2
The quasit bites you.
You die... "It's all fun and games until someone loses an eye."

#.......#......#......
#...)...#......#......
###########.).....#......#......
#......<..'.......#......#......
##.########).....##......#......
#.# #...########...ยง..#......
#.# #.....55555.....###......
#.# #.....55555.....##.......
#.# #....555@55.....##...##+#
#.#####...####S######.##...##+#
#.....'...# #S# #.##.......
#######...####.# #.##.......
###..S...# #.##.......
####.#...## #.#####....
#>...#+#.# #.#####....
#..S.)...#######.#........
#................'.......#


You could see 2 iron imps, 4 quasits, 2 crimson imps, 2 adders, 2 white imps, 2
shadow imps, an ufetubus (summoned), a friendly iron imp (summoned) and a
friendly quasit (summoned).

Vanquished Creatures
  3 adders (D:2)
  2 dart slugs (D:1)
  An orc (D:3)
  2 bats (D:2)
  5 endoplasms
  A giant cockroach (D:1)
  5 goblins
  A hobgoblin (D:1)
  3 jackals (D:1)
  6 kobolds
  2 quokkas (D:1)
  10 ball pythons
  2 frilled lizards (D:1)
  2 rats (D:1)
45 creatures vanquished.

Vanquished Creatures (collateral kills)
  A worm (D:2)
1 creature vanquished.

Vanquished Creatures (others)
  A plant (D:1)
1 creature vanquished.

Grand Total: 47 creatures vanquished

Notes
Turn   | Place    | Note
-------+----------+-------------------------------------------
     0 | D:1      | freelancePsychic the Demonspawn Chaos Knight began the
                  | quest for the Orb.
     0 | D:1      | Reached XP level 1. HP: 18/18 MP: 1/1
    42 | D:1      | XOM: silly message
   218 | D:1      | XOM: silly message
   284 | D:1      | Reached skill level 3 in Polearms
   299 | D:1      | Gained mutation: A weak demonic guardian rushes to your
                  | aid. [demonic ancestry]
   299 | D:1      | Reached XP level 2. HP: 18/24 MP: 2/2
   355 | D:1      | XOM: give mutations
   355 | D:1      | Gained mutation: You do not regenerate when monsters are
                  | visible. [Xom's mischief]
   355 | D:1      | Gained mutation: You are weak. (Str -2) [Xom's mischief]
   418 | D:1      | XOM: 8-stop teleportation journey
   743 | D:1      | XOM: scenery: summon butterflies
   763 | D:1      | Found a faded altar of an unknown god.
   773 | D:1      | Prayed at the altar of an unknown god.
   773 | D:1      | Fell from the grace of Xom
   773 | D:1      | Became a worshipper of Dithmenos the Shadowed
   773 | D:1      | Reached * piety under Dithmenos
   933 | D:1      | Reached XP level 3. HP: 29/29 MP: 3/3
  1162 | D:1      | XOM: give mutations
  1162 | D:1      | Gained mutation: You have large cloven feet. [Xom's
                  | mischief]
  1162 | D:1      | Gained mutation: You are very weak. (Str -4) [Xom's
                  | mischief]
  1842 | D:2      | Found Soheyhir's Antique Weapon Emporium.
  2138 | D:2      | Reached skill level 4 in Polearms
  2188 | D:2      | Gained mutation: You have sharp fingernails. [demonic
                  | ancestry]
  2188 | D:2      | Reached XP level 4. HP: 34/37 MP: 4/4
  2804 | D:3      | Lost mutation: You do not regenerate when monsters are
                  | visible. [potion of mutation]
  2804 | D:3      | Lost mutation: You have large cloven feet. [potion of
                  | mutation]
  2804 | D:3      | Lost mutation: You are very weak. (Str -4) [potion of
                  | mutation]
  2804 | D:3      | Gained mutation: You are dopey. (Int -2) [potion of
                  | mutation]
  2804 | D:3      | Gained mutation: You have an increased reservoir of magic.
                  | (+10% MP) [potion of mutation]
  2804 | D:3      | Gained mutation: Your body sometimes deteriorates upon
                  | taking damage. [potion of mutation]
  2804 | D:3      | Gained mutation: You have sharp toenails. [potion of
                  | mutation]
  2809 | D:3      | XOM: 2-stop teleportation journey
  2821 | D:3      | Reached ** piety under Dithmenos
  2871 | D:2      | XOM: summons 14 hostile demons
  2884 | D:2      | Slain by a quasit

Illustrated notes

Levels and vault maps discovered:
D:1:      dpeg_arrival_lava_temple_mockup, layout_basic,
          hellmonk_ecumenical_altar_lost_god, serial_forest,
          infiniplex_forest_straight_4, infiniplex_forest_straight_4,
          infiniplex_forest_lined_3, infiniplex_forest_end_2,
          infiniplex_forest_clump_medium, infiniplex_forest_end_2,
          infiniplex_forest_lined_room_2, infiniplex_forest_straight_1,
          infiniplex_forest_lined_room_2, infiniplex_forest_lined_4_way
D:2:      layout_basic, serial_shops, nicolae_square_shop
D:3:      layout_basic

Skill      XL: |  1  2  3 |
---------------+----------+-----
Polearms       | 3 4 |  4.1
Fighting       | |  3.7
Armour         | |  1.7
Dodging        | |  0.8

Action                   |  1- 3 |  4- 6 || total
-------------------------+-------+-------++-------
Melee: Spear             |   153 |    42 ||   195
       Kick              |    14 |     7 ||    21
  Use: Scroll            |     4 |       ||     4
       Potion            |     1 |     5 ||     6
Armor: Leather armour    |    32 |    26 ||    58
Dodge: Dodged            |    76 |    43 ||   119

Table legend: (Time is in decaauts)
 A = Elapsed time spent in this place.
 B = Non-inter-level travel time spent in this place.
 C = Inter-level travel time spent in this place.
 D = Time resting spent in this place.
 E = Time spent auto-exploring this place.
 F = Levels seen in this place.
 G = Mean time per level.
                   A        B        C        D        E       F      G
               +--------+--------+--------+--------+--------+-----+--------+
         Total |   2848 |   2725 |    123 |     14 |   2309 |   3 |  949.3 |
       Dungeon |   2848 |   2725 |    123 |     14 |   2309 |   3 |  949.3 |
               +--------+--------+--------+--------+--------+-----+--------+

Top non-repeatable levels by time:
     D:2: 1487 daAuts
     D:1: 1297 daAuts
     D:3: 63 daAuts
